 Dungeon Sprint DCSS version 0.20.1-1-g8b1a95d (webtiles) character file.

481 suicidejoker the Covert (level 7, -4/41 HPs)
             Began as an Octopode Enchanter on Sept 5, 2017.
             Was a Follower of Cheibriados.
             Slain by a black bear (7 damage)
             ... in the Dungeon (Sprint IX: "|||||||||||||||||||||||||||||").
             The game lasted 00:02:51 (336 turns).

suicidejoker the Covert (Octopode Enchanter)         Turns: 336, Time: 00:02:52

Health: -4/41      AC:  1    Str: 16    XL:     7   Next: 12%
Magic:  2/15       EV: 17    Int: 20    God:    Cheibriados [*.....]
Gold:   0          SH:  0    Dex: 15    Spells: 8/17 levels left

rFire    . . .     SeeInvis .   j - +1 dagger (drain)
rCold    . . .     Gourm    .   (no shield)
rNeg     . . .     Faith    .   (helmet restricted)
rPois    .         Spirit   .   (no amulet)
rElec    .         Reflect  .   o - +3 ring of strength
rCorr    .         Harm     .   (no ring)
MR       .....     NoTele   +   (no ring)
Stlth    ++++++....             (no ring)
Regen    0.2/turn               (no ring)
MPRegen  0.2/turn               (no ring)
                                (no ring)
                                (no ring)

@: very slightly contaminated, very slow
A: almost no armour, stealthy swim, amphibious, 8 rings, constrict 8, camouflage
1, gelatinous body 1
a: Bend Time, Renounce Religion


You were in the Dungeon.
You worshipped Cheibriados.
Cheibriados was aware of your devotion.
You were not hungry.

You visited 1 branch

Inventory:

Hand Weapons
 a - a +1 dagger
 j - a +1 dagger of draining (weapon)
Jewellery
 o - a +3 ring of strength (left tentacle)
 p - a +3 ring of intelligence
Wands
 n - a wand of iceblast (7/15)
Scrolls
 i - 2 scrolls of blinking
 l - 3 scrolls of remove curse
 m - 2 scrolls of amnesia
Potions
 d - 4 potions of curing
 e - a potion of invisibility
 f - a potion of haste
 g - 4 potions of magic
 h - a potion of berserk rage
 k - 2 potions of heal wounds
Books
 b - a book of Maledictions

   Spells                             Type                      Level
   a - Corona                         Hexes                        1
   b - Ensorcelled Hibernation        Hexes/Ice                    2
   c - Confuse                        Hexes                        3
   d - Tukima's Dance                 Hexes                        3
   e - Dazzling Spray                 Conjuration/Hexes            3
Comestibles
 c - a bread ration


   Skills:
 + Level 5.8 Short Blades
 + Level 6.1 Dodging
 * Level 12.2 Stealth
 + Level 5.7 Spellcasting
 + Level 6.4 Hexes
 + Level 3.4 Invocations


You had 8 spell levels left.
You knew the following spells:

 Your Spells              Type           Power        Failure   Level  Hunger
a - Corona                Hex            ####...      1%          1    None
b - Ensorcelled Hibernat  Hex/Ice        ###...       4%          2    None
c - Dazzling Spray        Conj/Hex       ###...       9%          3    ##.....
d - Confuse               Hex            ####....     2%          3    ##.....


Dungeon Overview and Level Annotations

Branches:
Dungeon (1/1)

Altars:
Cheibriados
Dithmenos
Elyvilon
Fedhas
Gozag
Hepliaklqana
Kikubaaqudgha
Makhleb
Nemelex Xobeh
Okawaru
Qazlal
Ru
Sif Muna
Trog
Uskayaw
Vehumet
Xom
Yredelemnul
Zin
The Shining One
Beogh
Jiyva
Lugonu


Innate Abilities, Weirdness & Mutations

You cannot wear most types of armour.
You are very stealthy in the water. (Stealth+)
You are amphibious.
You can wear up to eight rings at the same time.
You can use your tentacles to constrict eight enemies at once.
Your skin changes colour to match your surroundings (Stealth+).
Your rubbery body absorbs attacks. (AC +1, EV +1)


Message History

Aim: a bullfrog (chance to defeat MR: 48%)
The bullfrog looks drowsy...
The helpless bullfrog fails to defend itself.
You stick the bullfrog like a pincushion!!!
You kill the bullfrog!
Cheibriados appreciates the change of pace.
Cheibriados raises the support of your attributes as your movement slows.
You have reached level 7!
The sky beast flickers out of sight!
Deactivating autopickup; reactivate with Ctrl-A.
The black bear closely misses you. x2; The black bear claws you.
* * * LOW HITPOINT WARNING * * *
You see here a +0 plate armour.
The black bear barely misses you. The black bear closely misses you. x2
A sky beast appears from thin air!
Reactivating autopickup.
You see here a +0 pair of boots.
You see here a +0 cloak.
The black bear bites you!
You die...

▓_▓
▓_▓
▓_▓
▓_▓
▓'▓
▓.▓
▓.▓
▓|▓
▓@▓
▓h▓
▓Y▓
▓[▓
▓Z▓
▓.▓
▓'▓
▓†▓
▓.▓


You could see a black bear, a sky beast and a leopard gecko zombie.

Vanquished Creatures
  A yak (D)
  An ogre (D)
  A centaur (D)
  2 bullfrogs (D)
  A howler monkey (D)
  An orc (D)
  A ball python (D)
  3 bats (D)
  A goblin (D)
  A rat (D)
13 creatures vanquished.

Notes
Turn   | Place    | Note
-------+----------+-------------------------------------------
     0 | D        | suicidejoker the Octopode Enchanter began the quest for the Orb.
     0 | D        | Reached XP level 1. HP: 11/11 MP: 3/3
    36 | D        | Noticed a howler monkey
    36 | D        | Noticed a centaur
    36 | D        | Noticed an ogre
    40 | D        | Reached skill level 5 in Stealth
    40 | D        | Reached XP level 2. HP: 11/17 MP: 5/5
    46 | D        | Killed a howler monkey
    46 | D        | Reached skill level 7 in Stealth
    46 | D        | Reached XP level 3. HP: 12/21 MP: 5/7
    50 | D        | Killed a centaur
    50 | D        | Reached skill level 9 in Stealth
    50 | D        | Reached XP level 4. HP: 10/27 MP: 6/10
    50 | D        | Reached XP level 5. HP: 11/31 MP: 6/11
    55 | D        | Killed an ogre
    55 | D        | Reached skill level 5 in Dodging
    55 | D        | Reached skill level 10 in Stealth
    55 | D        | Reached skill level 5 in Hexes
    59 | D        | Learned a level 2 spell: Ensorcelled Hibernation
    63 | D        | Learned a level 3 spell: Dazzling Spray
    67 | D        | Learned a level 3 spell: Confuse
   266 | D        | Found a roughly hewn altar of Beogh.
   266 | D        | Found a snail-covered altar of Cheibriados.
   266 | D        | Found a shadowy altar of Dithmenos.
   266 | D        | Found a white marble altar of Elyvilon.
   266 | D        | Found a blossoming altar of Fedhas.
   266 | D        | Found an opulent altar of Gozag.
   267 | D        | Found a hazy altar of Hepliaklqana.
   268 | D        | Found a viscous altar of Jiyva.
   269 | D        | Found an ancient bone altar of Kikubaaqudgha.
   270 | D        | Became a worshipper of Cheibriados the Contemplative
   271 | D        | Found a corrupted altar of Lugonu.
   272 | D        | Found a burning altar of Makhleb.
   273 | D        | Found a sparkling altar of Nemelex Xobeh.
   274 | D        | Found an iron altar of Okawaru.
   275 | D        | Found a stormy altar of Qazlal.
   276 | D        | Found a sacrificial altar of Ru.
   277 | D        | Found a deep blue altar of Sif Muna.
   278 | D        | Found a bloodstained altar of Trog.
   279 | D        | Found a hide-covered altar of Uskayaw.
   280 | D        | Found a radiant altar of Vehumet.
   282 | D        | Found a shimmering altar of Xom.
   283 | D        | Found a basalt altar of Yredelemnul.
   284 | D        | Found a glowing silver altar of Zin.
   285 | D        | Found a glowing golden altar of the Shining One.
   309 | D        | Noticed a yak
   309 | D        | Noticed a black bear
   309 | D        | Noticed a sky beast
   315 | D        | Reached skill level 5 in Short Blades
   315 | D        | Reached skill level 1 in Invocations
   315 | D        | Reached XP level 6. HP: 28/36 MP: 13/13
   323 | D        | Killed a yak
   323 | D        | Reached * piety under Cheibriados
   323 | D        | Reached skill level 12 in Stealth
   323 | D        | Reached skill level 5 in Spellcasting
   330 | D        | Reached XP level 7. HP: 6/41 MP: 1/15
   331 | D        | HP: 2/41 [black bear (4)]
   336 | D        | Slain by a black bear

Skill      XL: |  1  2  3  4  5  6 |
---------------+-------------------+-----
Stealth        | 5 7 9 10 12 | 12.2
Short Blades   | 2 3 5 |  5.8
Dodging        | 3 4 5 6 |  6.1
Spellcasting   | 3 4 5 |  5.7
Hexes          | 4 5 6 |  6.4
Invocations    | 1 3 |  3.4

Action                   |  1- 3 |  4- 6 |  7- 9 || total
-------------------------+-------+-------+-------++-------
Melee: Dagger            |    20 |    16 |       ||    36
       Constrict         |     4 |     1 |       ||     5
       Tentacles         |     4 |     6 |       ||    10
 Cast: Ensorcelled Hiber |       |     4 |       ||     4
       Dazzling Spray    |       |     1 |       ||     1
  Use: Potion            |       |     2 |       ||     2
 Stab: Sleeping          |     3 |     1 |       ||     4
       Invisible         |       |     1 |       ||     1
Armor: Skin              |     1 |       |       ||     1
Dodge: Dodged            |    16 |    12 |     5 ||    33
